[Event "European Online Club-ch-H 2021"]
[Site "Online"]
[Date "2021.03.27"]
[Round "7.11"]
[White "Carstensen, Jacob"]
[Black "Wagner, Dennis"]
[Result "1/2-1/2"]
[ECO "D85"]
[WhiteElo "2361"]
[BlackElo "2581"]
[Annotator "ChessBase"]
[PlyCount "136"]
[EventDate "2021.03.27"]
[EventType "team-tourn"]
[EventCountry "NET"]
[SourceTitle "playchess.com"]
[Source "ChessBase"]
[SourceQuality "1"]
[TimeControl "900+5"]

1. d4 Nf6 2. c4 g6 3. Nc3 d5 4. cxd5 Nxd5 5. e4 Nxc3 6. bxc3 Bg7 7. Nf3 c5 8. Be3 Qa5 9. Qd2 O-O 10. Rb1 b6 11. Rb5 Qa4 12. Rb3 Ba6 13. Bxa6 Qxa6 14. Qe2 cxd4 15. Qxa6 Nxa6 16. cxd4 Rfc8 17. Kd2 e6 18. Rc1 Rxc1 19. Kxc1 Rc8+ 20. Kb2 Nc5 21. Ra3 Nxe4 22. Rxa7 Nc3 23. a4 Nd5 24. Bd2 f6 25. a5 bxa5 26. Bxa5 Bf8 27. Bd2 g5 28. Rb7 h5 29. Ne1 Bd6 30. Nd3 Rc4 31. h3 Rxd4 32. Kc2 Be7 33. Be3 Rc4+ 34. Kd2 Kf8 35. Rb8+ Kf7 36. Rb7 Kg6 37. Rd7 Kf5 38. f3 g4 39. hxg4+ hxg4 40. fxg4+ Rxg4 41. Bf2 Rxg2 42. Ke2 Rg4 43. Bc5 Bxc5 44. Nxc5 Rc4 45. Nb3 Nf4+ 46. Kd2 e5 47. Rb7 Ke4 48. Rb5 Kf3 49. Ke1 Rc2 50. Nd2+ Ke3 51. Nf1+ Kd3 52. Rb3+ Kc4 53. Rf3 Kd4 54. Ng3 Ra2 55. Rb3 Ng2+ 56. Kf1 Ne3+ 57. Ke1 f5 58. Ne2+ Rxe2+ 59. Kxe2 f4 60. Rb8 Nd5 61. Ra8 Nc3+ 62. Kf3 Kc4 63. Re8 Kd4 64. Rd8+ Nd5 65. Re8 Nf6 66. Rd8+ Nd5 67. Re8 Nf6 68. Rd8+ Nd5 1/2-1/2

[Event "European Online Club-ch-H 2021"]
[Site "Online"]
[Date "2021.03.27"]
[Round "7.12"]
[White "Buhmann, Rainer"]
[Black "Hald Falkesgaard, Jeppe"]
[Result "1-0"]
[ECO "E61"]
[WhiteElo "2580"]
[BlackElo "1986"]
[Annotator "ChessBase"]
[PlyCount "71"]
[EventDate "2021.03.27"]
[EventType "team-tourn"]
[EventCountry "NET"]
[SourceTitle "playchess.com"]
[Source "ChessBase"]
[SourceQuality "1"]
[TimeControl "900+5"]

1. d4 Nf6 2. Nf3 g6 3. c4 Bg7 4. e3 O-O 5. Be2 d6 6. Nc3 c5 7. O-O Nc6 8. d5 Na5 9. e4 b6 10. Rb1 Nd7 11. Bd2 Ne5 12. Nxe5 Bxe5 13. Bd3 e6 14. Kh1 Qh4 15. f4 Bg7 16. b3 f5 17. exf5 exd5 18. Nxd5 Bxf5 19. Bxf5 gxf5 20. g3 Qh3 21. Nc7 Rac8 22. Ne6 Rfe8 23. Nxg7 Kxg7 24. Bc3+ Kg8 25. Qd5+ Kf8 26. Qxd6+ Kg8 27. Qf6 Qg4 28. Qh8+ Kf7 29. Qxh7+ Kf8 30. Qh6+ Kf7 31. Qf6+ Kg8 32. Rbe1 Rxe1 33. Rxe1 Rf8 34. Qh8+ Kf7 35. Qh7+ Qg7 36. Qxg7# 1-0

[Event "European Online Club-ch-H 2021"]
[Site "Online"]
[Date "2021.03.27"]
[Round "7.14"]
[White "Eljanov, Pavel"]
[Black "Sabuk, Piotr"]
[Result "0-1"]
[ECO "D02"]
[WhiteElo "2672"]
[BlackElo "2366"]
[Annotator "ChessBase"]
[PlyCount "124"]
[EventDate "2021.03.27"]
[EventType "team-tourn"]
[EventCountry "NET"]
[SourceTitle "playchess.com"]
[Source "ChessBase"]
[SourceQuality "1"]
[TimeControl "900+5"]

1. d4 Nf6 2. Nf3 e6 3. Bf4 d5 4. e3 c5 5. c3 Nc6 6. Nbd2 cxd4 7. exd4 Nh5 8. Be3 Bd6 9. Ne5 g6 10. Nd3 Qc7 11. g3 Ng7 12. Bf4 Nf5 13. Nf3 f6 14. Bxd6 Qxd6 15. Qe2 Bd7 16. g4 Nfe7 17. g5 fxg5 18. Nxg5 O-O 19. O-O-O b5 20. Kb1 b4 21. Nxb4 Nxb4 22. cxb4 Rab8 23. Bh3 Nf5 24. Nf3 Rxb4 25. Bxf5 exf5 26. Ne5 f4 27. Ka1 Bf5 28. Rd2 Qb6 29. Rhd1 Ra4 30. Qf3 Be4 31. Qc3 Qa6 32. Qb3 Rc8 33. f3 Bc2 34. Qxd5+ Kh8 35. Rc1 Rcc4 36. Qxc4 Rxc4 37. Nxc4 Bb3 38. Na3 Bd5 39. Re1 Qa5 40. Rdd1 Bxf3 41. Rc1 Kg7 42. Nc4 Qa6 43. b3 Bd5 44. Re7+ Kh6 45. Rd7 Qe6 46. Ne5 f3 47. Rf1 Qa6 48. Rf2 Be4 49. Kb2 Qb5 50. Rf7 Qb4 51. Nxf3 Bxf3 52. R7xf3 Qxd4+ 53. Kc2 Qa1 54. Kd3 Qd1+ 55. Kc4 Qc1+ 56. Kb5 Qg5+ 57. Ka6 Qc5 58. Rf6 Kg5 59. R2f4 Qc7 60. h4+ Kh6 61. b4 Kh5 62. Rf7 Qb6# 0-1

[Event "European Online Club-ch-H 2021"]
[Site "Online"]
[Date "2021.03.27"]
[Round "7.15"]
[White "Valuet, Bertrand"]
[Black "Baklan, Vladimir"]
[Result "0-1"]
[ECO "B31"]
[WhiteElo "2217"]
[BlackElo "2587"]
[Annotator "ChessBase"]
[PlyCount "116"]
[EventDate "2021.03.27"]
[EventType "team-tourn"]
[EventCountry "NET"]
[SourceTitle "playchess.com"]
[Source "ChessBase"]
[SourceQuality "1"]
[TimeControl "900+5"]

1. e4 c5 2. Nf3 Nc6 3. Bb5 g6 4. Bxc6 dxc6 5. Nc3 Bg7 6. d3 Nh6 7. Be3 b6 8. Qd2 Ng4 9. Bf4 e5 10. Bg5 f6 11. h3 Nxf2 12. Qxf2 fxg5 13. Qg3 h6 14. h4 g4 15. h5 O-O 16. Nh4 gxh5 17. O-O-O Qg5+ 18. Kb1 Be6 19. Qe1 Rf7 20. Ne2 c4 21. Ng3 Rd8 22. dxc4 Rxd1+ 23. Qxd1 Rd7 24. Qe1 Bxc4 25. Nhf5 Bf7 26. b3 Qd2 27. Qf1 Bf8 28. Nxh5 Bxh5 29. Rxh5 Qd1+ 30. Qxd1 Rxd1+ 31. Kb2 Kf7 32. Rh4 Re1 33. Rxg4 h5 34. Rh4 Kg6 35. Kc3 Kg5 36. Kd2 Ra1 37. a4 Bb4+ 38. c3 Bc5 39. Kd3 b5 40. axb5 cxb5 41. Rh3 Rd1+ 42. Ke2 Rg1 43. Kf3 a5 44. Rg3+ Kf6 45. Rg8 Rc1 46. c4 bxc4 47. bxc4 Rxc4 48. Ra8 a4 49. Ra6+ Kg5 50. Rc6 Rc3+ 51. Ke2 a3 52. Ra6 Kf4 53. Kd2 Bb4 54. g3+ Kxe4 55. Nd6+ Kf3 56. Ra4 Rb3+ 57. Kc2 Rb2+ 58. Kc1 Bxd6 0-1

[Event "European Online Club-ch-H 2021"]
[Site "Online"]
[Date "2021.03.27"]
[Round "7.17"]
[White "Manik, Mikulas"]
[Black "Vaisser, Anatoly"]
[Result "1-0"]
[ECO "B30"]
[WhiteElo "2353"]
[BlackElo "2501"]
[Annotator "ChessBase"]
[PlyCount "45"]
[EventDate "2021.03.27"]
[EventType "team-tourn"]
[EventCountry "NET"]
[SourceTitle "playchess.com"]
[Source "ChessBase"]
[SourceQuality "1"]
[TimeControl "900+5"]

1. e4 c5 2. Nf3 Nc6 3. Bb5 e6 4. O-O Nge7 5. Re1 a6 6. Bxc6 Nxc6 7. d4 cxd4 8. Nxd4 Be7 9. Nxc6 dxc6 10. Qg4 g6 11. e5 O-O 12. Bh6 Re8 13. Nc3 Qc7 14. Rad1 c5 15. Ne4 Qxe5 16. Nd6 Bxd6 17. Rxe5 Bxe5 18. Qa4 Bd7 19. Rxd7 b5 20. Qe4 Bxb2 21. Qf4 f5 22. Qc7 Ra7 23. Qxa7 1-0

[Event "European Online Club-ch-H 2021"]
[Site "Online"]
[Date "2021.03.27"]
[Round "7.18"]
[White "Roux, Olivier"]
[Black "Danada, Tomas"]
[Result "1/2-1/2"]
[ECO "B58"]
[WhiteElo "2156"]
[BlackElo "2321"]
[Annotator "NA"]
[PlyCount "158"]
[EventDate "2021.03.27"]
[EventType "team-tourn"]
[EventCountry "NET"]
[SourceTitle "playchess.com"]
[Source "ChessBase"]
[SourceQuality "1"]
[TimeControl "900+5"]

1. e4 c5 2. Nf3 Nc6 3. d4 cxd4 4. Nxd4 Nf6 5. Nc3 d6 6. Be2 e5 7. Nf3 h6 8. O-O Be7 9. h3 Be6 10. Be3 Rc8 11. Bb5 a6 12. Ba4 O-O 13. Bb3 Na5 14. Bxe6 fxe6 15. Qd3 Nc4 16. Bc1 d5 17. b3 dxe4 18. Nxe4 Qxd3 19. cxd3 Nxe4 20. dxe4 Nd6 21. Re1 Nf7 22. Re2 Rfd8 23. Bb2 Bf6 24. Kf1 Rc5 25. Rc1 Rxc1+ 26. Bxc1 Rd1+ 27. Re1 Rd7 28. Bb2 Kf8 29. Ke2 Ke8 30. Rc1 Kd8 31. Rc5 Rc7 32. Rxc7 Kxc7 33. h4 h5 34. g3 b5 35. Kd3 Kc6 36. a4 Kc5 37. Ba3+ Kc6 38. axb5+ axb5 39. Kc3 Nh6 40. Ne1 Ng4 41. Nd3 Nh2 42. Bc1 Nf3 43. Nb4+ Kd6 44. Be3 Nd4 45. Nd3 Nc6 46. Bc5+ Kc7 47. Be3 Kd6 48. b4 Nd4 49. Nxe5 Kxe5 50. Kd3 Ne2 51. f4+ Kd6 52. Kxe2 Bc3 53. Bc5+ Kd7 54. Kf3 g6 55. g4 Be1 56. f5 exf5 57. exf5 hxg4+ 58. Kxg4 gxf5+ 59. Kh3 Ke6 60. h5 Kf6 61. Kg2 Kg5 62. Kf3 Bd2 63. Ke2 Bc1 64. Kd3 Kxh5 65. Bd6 Kg4 66. Kd4 Bf4 67. Bc5 Bh2 68. Kd5 f4 69. Kc6 f3 70. Kxb5 Kf5 71. Kc6 Ke4 72. b5 Be5 73. b6 Kd3 74. b7 Ke2 75. Bd6 Bxd6 76. Kxd6 f2 77. b8=Q f1=Q 78. Qb5+ Ke1 79. Qxf1+ Kxf1 1/2-1/2

[Event "European Online Club-ch-H 2021"]
[Site "Online"]
[Date "2021.03.27"]
[Round "7.19"]
[White "Zambor, Norbert"]
[Black "Kirszenberg, Marc"]
[Result "1-0"]
[ECO "B12"]
[WhiteElo "2260"]
[BlackElo "2130"]
[Annotator "NA"]
[PlyCount "63"]
[EventDate "2021.03.27"]
[EventType "team-tourn"]
[EventCountry "NET"]
[SourceTitle "playchess.com"]
[Source "ChessBase"]
[SourceQuality "1"]
[TimeControl "900+5"]

1. e4 c6 2. d4 d5 3. e5 Bf5 4. Nd2 e6 5. Nb3 Nd7 6. Nf3 h6 7. Be2 Ne7 8. O-O g5 9. a4 a6 10. a5 Bg7 11. Ne1 c5 12. c3 Nc6 13. f4 c4 14. Nd2 Nxa5 15. g4 Bh7 16. f5 Qb6 17. Kg2 O-O-O 18. Qa4 Nc6 19. b3 cxb3 20. Nxb3 h5 21. h3 hxg4 22. hxg4 Ndxe5 23. dxe5 Bxe5 24. Nd4 Nxd4 25. cxd4 Qxd4 26. Qxd4 Bxd4 27. Ra4 Bb6 28. Bxg5 Rdg8 29. Bf6 Bxf5 30. Bxh8 Rxh8 31. gxf5 Rg8+ 32. Rg4 1-0

[Event "European Online Club-ch-H 2021"]
[Site "Online"]
[Date "2021.03.27"]
[Round "7.20"]
[White "Coupet, Pascal"]
[Black "Kusiak, Matej"]
[Result "1-0"]
[ECO "B13"]
[WhiteElo "2233"]
[BlackElo "2251"]
[Annotator "NA"]
[PlyCount "107"]
[EventDate "2021.03.27"]
[EventType "team-tourn"]
[EventCountry "NET"]
[SourceTitle "playchess.com"]
[Source "ChessBase"]
[SourceQuality "1"]
[TimeControl "900+5"]

1. e4 c6 2. d4 d5 3. exd5 cxd5 4. Bd3 Nc6 5. c3 Nf6 6. Bf4 Qb6 7. Qb3 Qxb3 8. axb3 e6 9. b4 Bd7 10. Nf3 Nh5 11. Be3 Bd6 12. b5 Ne7 13. Ne5 f6 14. Nxd7 Kxd7 15. g3 g6 16. Nd2 Nf5 17. Ke2 Nxe3 18. fxe3 f5 19. Rhc1 Nf6 20. c4 dxc4 21. Nxc4 Bc7 22. Ra4 Bb6 23. Rca1 Rab8 24. Ne5+ Ke7 25. Rxa7 Bxa7 26. Rxa7 Nd7 27. Nc6+ bxc6 28. bxc6 Rbd8 29. Bb5 Kd6 30. cxd7 Rb8 31. Ra5 Rb6 32. b3 Rhb8 33. Ba4 R6b7 34. Ra6+ Ke7 35. e4 fxe4 36. Ke3 Rxb3+ 37. Bxb3 Rxb3+ 38. Kxe4 Kxd7 39. Ra7+ Kd6 40. Rxh7 Rb1 41. Rg7 Re1+ 42. Kd3 Rd1+ 43. Ke3 Re1+ 44. Kf2 Rd1 45. Rxg6 Rxd4 46. h4 Ke5 47. h5 Kf5 48. Rg8 e5 49. h6 Rd7 50. Rg7 Rd8 51. Ke3 Kf6 52. g4 Rh8 53. g5+ Kf5 54. h7 1-0

[Event "European Online Club-ch-H 2021"]
[Site "Online"]
[Date "2021.03.27"]
[Round "8.1"]
[White "Samani, Yamac"]
[Black "Vaisser, Anatoly"]
[Result "1-0"]
[ECO "C01"]
[WhiteElo "2246"]
[BlackElo "2501"]
[Annotator "ChessBase"]
[PlyCount "83"]
[EventDate "2021.03.27"]
[EventType "team-tourn"]
[EventCountry "NET"]
[SourceTitle "playchess.com"]
[Source "ChessBase"]
[SourceQuality "1"]
[TimeControl "900+5"]

1. e4 e6 2. d4 d5 3. exd5 exd5 4. Nf3 Nc6 5. Bd3 Bd6 6. O-O Nge7 7. c3 Bg4 8. Re1 Qd7 9. Nbd2 O-O-O 10. b4 Ng6 11. b5 Nce7 12. Bf1 Nh4 13. Be2 Nxf3+ 14. Bxf3 Bxf3 15. Qxf3 Qxb5 16. Qxf7 Rdf8 17. Qe6+ Kb8 18. c4 dxc4 19. Nxc4 Rf6 20. Qe2 Nc8 21. Be3 b6 22. a4 Qd5 23. Rab1 Rg6 24. g3 h5 25. Rb5 Qe4 26. Rxh5 Rxh5 27. Qxh5 Rh6 28. Qe2 Rh8 29. f3 Qd5 30. Rc1 Rf8 31. f4 Re8 32. Ne5 Ne7 33. Qg2 Qxg2+ 34. Kxg2 Nd5 35. Kf3 Kb7 36. h4 Ka6 37. Bd2 c5 38. dxc5 Bxc5 39. h5 Ba3 40. Rc6 Bb2 41. Nd3 Bf6 42. Nc5# 1-0

[Event "European Online Club-ch-H 2021"]
[Site "Online"]
[Date "2021.03.27"]
[Round "8.2"]
[White "Roux, Olivier"]
[Black "Agdelen, Huseyin Can"]
[Result "0-1"]
[ECO "B53"]
[WhiteElo "2156"]
[BlackElo "2206"]
[Annotator "NA"]
[PlyCount "98"]
[EventDate "2021.03.27"]
[EventType "team-tourn"]
[EventCountry "NET"]
[SourceTitle "playchess.com"]
[Source "ChessBase"]
[SourceQuality "1"]
[TimeControl "900+5"]

1. e4 c5 2. Nf3 d6 3. d4 cxd4 4. Qxd4 Nf6 5. Bb5+ Bd7 6. Bxd7+ Qxd7 7. O-O Nc6 8. Qd3 Rc8 9. c4 Qe6 10. Nbd2 g6 11. Qb3 b6 12. Ng5 Qg4 13. Ndf3 h6 14. Nh3 Nxe4 15. Nd2 Nc5 16. Qc3 Qd4 17. Qf3 Bg7 18. Rb1 Ne5 19. Qa3 O-O 20. Qxa7 g5 21. Nb3 Qe4 22. Be3 Ra8 23. Qxb6 Rfb8 24. Nxc5 dxc5 25. Qxc5 Nxc4 26. b4 Rc8 27. Nxg5 hxg5 28. Qxg5 Nxe3 29. Qxe3 Qxe3 30. fxe3 Rxa2 31. Rf2 Ra3 32. Re2 Bh6 33. Kf2 Rcc3 34. e4 Be3+ 35. Kf1 Bd4 36. b5 Rcb3 37. Rd1 e5 38. g3 Rxb5 39. Kg2 Kg7 40. Rf1 Rbb3 41. Rd1 Kg6 42. Rdd2 Re3 43. Rc2 Kg5 44. Rf2 Ra7 45. Rc6 Rxe4 46. Rf1 Ra2+ 47. Kh3 Ree2 48. Rh1 Bg1 49. g4 Re3# 0-1

[Event "European Online Club-ch-H 2021"]
[Site "Online"]
[Date "2021.03.27"]
[Round "8.3"]
[White "Sertbay, Huseyin"]
[Black "Kirszenberg, Marc"]
[Result "1/2-1/2"]
[ECO "D10"]
[WhiteElo "2101"]
[BlackElo "2130"]
[Annotator "NA"]
[PlyCount "96"]
[EventDate "2021.03.27"]
[EventType "team-tourn"]
[EventCountry "NET"]
[SourceTitle "playchess.com"]
[Source "ChessBase"]
[SourceQuality "1"]
[TimeControl "900+5"]

1. d4 d5 2. c4 c6 3. cxd5 cxd5 4. Bg5 h6 5. Bh4 Qb6 6. Nc3 e5 7. Nxd5 Bb4+ 8. Nxb4 Qxb4+ 9. Qd2 Qxd2+ 10. Kxd2 exd4 11. Nf3 Nc6 12. b4 Nxb4 13. Nxd4 Ne7 14. e4 Nbc6 15. Bb5 Bd7 16. Nxc6 Bxc6 17. Bxc6+ Nxc6 18. Rab1 g5 19. Bg3 O-O-O+ 20. Ke3 Rhe8 21. Rhd1 Rxd1 22. Rxd1 f5 23. Bd6 Rxe4+ 24. Kf3 Rd4 25. Rxd4 Nxd4+ 26. Ke3 Ne6 27. f3 Kd7 28. Ba3 b5 29. g4 fxg4 30. fxg4 a5 31. Ke4 b4 32. Bb2 Ke7 33. Kd5 Nf4+ 34. Kc4 Ke6 35. Bg7 h5 36. gxh5 Nxh5 37. Bd4 Nf4 38. Kb5 Kd5 39. Bf6 Ne6 40. Kxa5 Kc4 41. Be7 b3 42. axb3+ Kxb3 43. Bxg5 Nxg5 44. h4 Kc4 45. hxg5 Kd5 46. g6 Ke6 47. g7 Kf7 48. g8=Q+ Kxg8 1/2-1/2

[Event "European Online Club-ch-H 2021"]
[Site "Online"]
[Date "2021.03.27"]
[Round "8.4"]
[White "Coupet, Pascal"]
[Black "Atasoy, Ata"]
[Result "1-0"]
[ECO "B22"]
[WhiteElo "2233"]
[BlackElo "1636"]
[Annotator "NA"]
[PlyCount "57"]
[EventDate "2021.03.27"]
[EventType "team-tourn"]
[EventCountry "NET"]
[SourceTitle "playchess.com"]
[Source "ChessBase"]
[SourceQuality "1"]
[TimeControl "900+5"]

1. e4 c5 2. Nf3 e6 3. c3 d5 4. exd5 Qxd5 5. d4 Nf6 6. Na3 Be7 7. Be3 cxd4 8. Nb5 Na6 9. Bxd4 O-O 10. Be2 Rd8 11. O-O Bd7 12. a4 Bxb5 13. axb5 Nc5 14. Ne5 Nb3 15. Bc4 Qxe5 16. Bxe5 Rxd1 17. Raxd1 Nc5 18. Ra1 Nfe4 19. Rfd1 f6 20. Bd4 Kf7 21. b4 Nd7 22. Re1 Rc8 23. Bxe6+ Kxe6 24. Rxe4+ Ne5 25. f4 Kd5 26. Rae1 Nd3 27. Rxe7 Nxe1 28. Rxe1 Kc4 29. Re7 1-0

[Event "European Online Club-ch-H 2021"]
[Site "Online"]
[Date "2021.03.27"]
[Round "8.5"]
[White "Kuzubov, Yuriy"]
[Black "Manik, Mikulas"]
[Result "1/2-1/2"]
[ECO "A48"]
[WhiteElo "2642"]
[BlackElo "2353"]
[Annotator "ChessBase"]
[PlyCount "96"]
[EventDate "2021.03.27"]
[EventType "team-tourn"]
[EventCountry "NET"]
[SourceTitle "playchess.com"]
[Source "ChessBase"]
[SourceQuality "1"]
[TimeControl "900+5"]

1. d4 Nf6 2. Nf3 g6 3. Nbd2 c5 4. dxc5 Qa5 5. a3 Qxc5 6. b4 Qc7 7. Bb2 d6 8. g3 Bg7 9. Bg2 b6 10. O-O Bb7 11. c4 Nbd7 12. e4 O-O 13. Qe2 Rfd8 14. Rfd1 Rac8 15. Ne1 Qb8 16. Nd3 e6 17. Rac1 Re8 18. f4 e5 19. f5 gxf5 20. exf5 e4 21. Nf4 Ne5 22. Bxe5 Rxe5 23. Nf1 e3 24. Bxb7 Qxb7 25. Rxd6 Rxf5 26. Qxe3 Re8 27. Qd3 Rfe5 28. Rd8 Ne4 29. Rxe8+ Rxe8 30. Re1 Qa8 31. Nd5 Ng5 32. Rxe8+ Qxe8 33. Qe3 Ne6 34. Kg2 h6 35. Qe4 Qa4 36. Ne7+ Kh8 37. Qd3 Bb2 38. Qd2 Bg7 39. Nf5 Qxa3 40. b5 Qc5 41. N1e3 Qe5 42. Nd6 Kg8 43. Nd5 Bf8 44. Ne8 Qe4+ 45. Kh3 Qf5+ 46. Kg2 Qe4+ 47. Kh3 Qf5+ 48. Kg2 Qe4+ 1/2-1/2

[Event "European Online Club-ch-H 2021"]
[Site "Online"]
[Date "2021.03.27"]
[Round "8.6"]
[White "Danada, Tomas"]
[Black "Baklan, Vladimir"]
[Result "0-1"]
[ECO "E61"]
[WhiteElo "2321"]
[BlackElo "2587"]
[Annotator "ChessBase"]
[PlyCount "68"]
[EventDate "2021.03.27"]
[EventType "team-tourn"]
[EventCountry "NET"]
[SourceTitle "playchess.com"]
[Source "ChessBase"]
[SourceQuality "1"]
[TimeControl "900+5"]

1. d4 d6 2. Nf3 Nf6 3. c4 g6 4. Nc3 Bf5 5. h3 Bg7 6. g4 Bd7 7. Bg2 O-O 8. e4 c5 9. d5 e5 10. Be3 Na6 11. Nd2 Nc7 12. a4 Na6 13. Bf3 Nb4 14. Be2 Ne8 15. h4 f5 16. gxf5 gxf5 17. exf5 Bxf5 18. Nde4 Nf6 19. Bf3 Qd7 20. Rg1 Kh8 21. h5 Nxe4 22. Bxe4 Bf6 23. Qe2 Rg8 24. Kd2 Bxe4 25. Nxe4 Qf5 26. f3 Be7 27. h6 Raf8 28. Rxg8+ Rxg8 29. Rg1 Rxg1 30. Bxg1 Qh3 31. Be3 Bf8 32. Ng5 Qh1 33. Qf2 Qb1 34. Kc3 Qd3# 0-1

[Event "European Online Club-ch-H 2021"]
[Site "Online"]
[Date "2021.03.27"]
[Round "8.7"]
[White "Brodsky, Michail"]
[Black "Zambor, Norbert"]
[Result "1-0"]
[ECO "E90"]
[WhiteElo "2524"]
[BlackElo "2260"]
[Annotator "ChessBase"]
[PlyCount "77"]
[EventDate "2021.03.27"]
[EventType "team-tourn"]
[EventCountry "NET"]
[SourceTitle "playchess.com"]
[Source "ChessBase"]
[SourceQuality "1"]
[TimeControl "900+5"]

1. d4 Nf6 2. c4 e6 3. Nc3 c5 4. d5 g6 5. e4 Bg7 6. Bd3 O-O 7. Nf3 Re8 8. O-O d6 9. h3 Na6 10. Bg5 Nc7 11. Qd2 Rb8 12. a3 exd5 13. exd5 a6 14. b4 b5 15. Rab1 cxb4 16. Rxb4 a5 17. Rbb1 b4 18. axb4 axb4 19. Na2 b3 20. Nb4 Bd7 21. Nd4 Rb6 22. Rxb3 Qa8 23. Be3 Rbb8 24. Rfb1 Qa5 25. Qc1 Ra8 26. Ndc6 Qa4 27. Bd4 Nh5 28. Bxg7 Nxg7 29. R3b2 Bf5 30. Ra2 Qxa2 31. Nxa2 Rxa2 32. Nb4 Raa8 33. g4 Bxd3 34. Nxd3 Na6 35. Ra1 h5 36. Qf4 Nc5 37. Rxa8 Nxd3 38. Rxe8+ Nxe8 39. Qe3 1-0

[Event "European Online Club-ch-H 2021"]
[Site "Online"]
[Date "2021.03.27"]
[Round "8.9"]
[White "Banusz, Tamas"]
[Black "Kazakov, Mikhail"]
[Result "1/2-1/2"]
[ECO "A11"]
[WhiteElo "2631"]
[BlackElo "2516"]
[Annotator "ChessBase"]
[PlyCount "145"]
[EventDate "2021.03.27"]
[EventType "team-tourn"]
[EventCountry "NET"]
[SourceTitle "playchess.com"]
[Source "ChessBase"]
[SourceQuality "1"]
[TimeControl "900+5"]

1. Nf3 Nf6 2. g3 d5 3. Bg2 c6 4. O-O Bf5 5. c4 e6 6. Qb3 Qb6 7. d3 Nbd7 8. cxd5 Qxb3 9. axb3 exd5 10. Bd2 Bc5 11. b4 Bb6 12. Bc3 O-O 13. Nbd2 Rfe8 14. Rfe1 h6 15. Nd4 Bg6 16. Bh3 Nf8 17. N2b3 Ne6 18. Bg2 Nxd4 19. Nxd4 a6 20. Nb3 Nd7 21. Bh3 Nf8 22. Nc5 Bxc5 23. bxc5 Ne6 24. d4 Nc7 25. f3 Nb5 26. Kf2 Re7 27. e3 Rae8 28. Bd2 Bd3 29. Bg2 Kf8 30. Ba5 g5 31. Rad1 Bc2 32. Rd2 Bg6 33. g4 f5 34. gxf5 Bxf5 35. h3 Kg7 36. Rdd1 Bc2 37. Rc1 Bg6 38. Bd2 Bd3 39. Kg3 Kg6 40. h4 Nc7 41. hxg5 hxg5 42. Rh1 Ne6 43. Rc3 Bb5 44. Ra3 Ng7 45. e4 dxe4 46. fxe4 Rxe4 47. Bxe4+ Rxe4 48. Be3 Nf5+ 49. Kf2 Nxe3 50. Rxe3 Rxd4 51. Kg3 Rb4 52. b3 Rd4 53. Rhe1 Rd5 54. Re5 Rd3+ 55. R1e3 Rxe3+ 56. Rxe3 Kf6 57. Kg4 a5 58. Re8 a4 59. bxa4 Bxa4 60. Re1 Bb5 61. Re4 Bd3 62. Rb4 Be2+ 63. Kg3 Ke5 64. Rb2 Bb5 65. Rd2 Bc4 66. Kg4 Kf6 67. Rd4 Be6+ 68. Kg3 Ke5 69. Rd1 Bf5 70. Rd2 Be6 71. Rd1 Bf5 72. Rd8 Be6 73. Rd1 1/2-1/2

[Event "European Online Club-ch-H 2021"]
[Site "Online"]
[Date "2021.03.27"]
[Round "8.10"]
[White "Sabuk, Piotr"]
[Black "Braun, Arik"]
[Result "0-1"]
[ECO "E20"]
[WhiteElo "2366"]
[BlackElo "2609"]
[Annotator "ChessBase"]
[PlyCount "110"]
[EventDate "2021.03.27"]
[EventType "team-tourn"]
[EventCountry "NET"]
[SourceTitle "playchess.com"]
[Source "ChessBase"]
[SourceQuality "1"]
[TimeControl "900+5"]

1. d4 Nf6 2. c4 e6 3. Nc3 Bb4 4. g3 O-O 5. Bg2 d5 6. Nf3 dxc4 7. O-O Nbd7 8. Qc2 Rb8 9. Rd1 Qe7 10. e4 h6 11. Bf4 Nb6 12. Nb5 Bd7 13. Nxc7 Nh5 14. Nxe6 fxe6 15. Bxb8 Rxb8 16. Ne5 Rc8 17. Nxd7 Qxd7 18. e5 Nd5 19. Qg6 Qf7 20. Be4 Ne7 21. Qh7+ Kf8 22. Rac1 Ke8 23. a3 Ba5 24. b4 Bb6 25. Rc3 Kd7 26. Bxb7 Rf8 27. Rf3 Qe8 28. d5 exd5 29. Bxd5 Nxd5 30. Rxd5+ Kc7 31. Qe4 Kb8 32. Kg2 Nf6 33. Rxf6 Rxf6 34. f4 Rc6 35. a4 c3 36. Qc2 Rc4 37. Rd6 Bc7 38. Qb3 Rc6 39. Rd1 c2 40. Rc1 Qg6 41. Qg8+ Kb7 42. Qd5 Kc8 43. f5 Qe8 44. e6 Kb8 45. Kh1 Rc3 46. Qd2 Qc6+ 47. Qg2 Qd6 48. Qe2 Qd5+ 49. Qg2 Qd1+ 50. Qg1 Qxg1+ 51. Kxg1 Bb6+ 52. Kf1 Kc7 53. Ke2 Be3 54. Rxc2 Rxc2+ 55. Kxe3 Rc4 0-1

[Event "European Online Club-ch-H 2021"]
[Site "Online"]
[Date "2021.03.27"]
[Round "8.11"]
[White "Wagner, Dennis"]
[Black "Valuet, Bertrand"]
[Result "1-0"]
[ECO "C87"]
[WhiteElo "2581"]
[BlackElo "2217"]
[Annotator "ChessBase"]
[PlyCount "123"]
[EventDate "2021.03.27"]
[EventType "team-tourn"]
[EventCountry "NET"]
[SourceTitle "playchess.com"]
[Source "ChessBase"]
[SourceQuality "1"]
[TimeControl "900+5"]

1. e4 e5 2. Nf3 Nc6 3. Bb5 a6 4. Ba4 Nf6 5. O-O Be7 6. Re1 d6 7. c3 O-O 8. h3 Nd7 9. d4 Bf6 10. Be3 Nb6 11. Bb3 exd4 12. cxd4 Na5 13. Bc2 Nac4 14. Bc1 c5 15. Qd3 g6 16. b3 Na5 17. Bh6 Re8 18. e5 dxe5 19. dxe5 Qxd3 20. Bxd3 Bg7 21. Bxg7 Kxg7 22. Nc3 Be6 23. Ne4 c4 24. bxc4 Nbxc4 25. Rac1 Red8 26. Nc5 Bd5 27. Be4 Rac8 28. Bxd5 Rxc5 29. Bxc4 Rxc4 30. Rcd1 Re8 31. Rd7 Rf4 32. e6 Nc6 33. Ng5 Nd8 34. e7 Nc6 35. Rxb7 Nd4 36. Ra7 h6 37. Ne4 Nc6 38. Nd6 Rxe7 39. Raxe7 Nxe7 40. Rxe7 Kf8 41. Ra7 Rd4 42. Rxa6 Rd1+ 43. Kh2 Ke7 44. Nc4 Rc1 45. Ne3 Rb1 46. Kg3 Rb2 47. h4 Kf8 48. Kf3 Kg7 49. g3 f5 50. h5 f4 51. Rxg6+ Kh7 52. gxf4 Rxa2 53. Nd5 Ra8 54. Nf6+ Kh8 55. Rxh6+ Kg7 56. Rg6+ Kf7 57. Nd7 Ra5 58. Ne5+ Kf8 59. h6 Ra7 60. Kg4 Rh7 61. Kg5 Rh8 62. Ra6 1-0

[Event "European Online Club-ch-H 2021"]
[Site "Online"]
[Date "2021.03.27"]
[Round "8.12"]
[White "Santamaria, Jorge"]
[Black "Buhmann, Rainer"]
[Result "0-1"]
[ECO "E06"]
[WhiteElo "2185"]
[BlackElo "2580"]
[Annotator "ChessBase"]
[PlyCount "60"]
[EventDate "2021.03.27"]
[EventType "team-tourn"]
[EventCountry "NET"]
[SourceTitle "playchess.com"]
[Source "ChessBase"]
[SourceQuality "1"]
[TimeControl "900+5"]

1. c4 e6 2. Nf3 d5 3. g3 Nf6 4. Bg2 Be7 5. O-O O-O 6. d4 c6 7. Nbd2 b6 8. Qc2 Bb7 9. Rd1 Nbd7 10. e4 dxc4 11. Qxc4 c5 12. e5 Nd5 13. Ne4 Rc8 14. dxc5 Nxc5 15. Nxc5 Bxc5 16. Qg4 f5 17. exf6 Qxf6 18. Re1 Nb4 19. Bf4 Nd3 20. Qxe6+ Qxe6 21. Rxe6 Nxf4 22. gxf4 Rxf4 23. Ne5 Bxg2 24. Kxg2 Rxf2+ 25. Kg3 Re2 26. Rd1 Rf8 27. a3 a5 28. Rd5 Bg1 29. h4 h5 30. Kh3 Bh2 0-1

[Event "European Online Club-ch-H 2021"]
[Site "Online"]
[Date "2021.03.27"]
[Round "8.13"]
[White "Mamedov, Rauf"]
[Black "Vasli, Aref"]
[Result "1-0"]
[ECO "C54"]
[WhiteElo "2654"]
[BlackElo "2384"]
[Annotator "ChessBase"]
[PlyCount "73"]
[EventDate "2021.03.27"]
[EventType "team-tourn"]
[EventCountry "NET"]
[SourceTitle "playchess.com"]
[Source "ChessBase"]
[SourceQuality "1"]
[TimeControl "900+5"]

1. e4 e5 2. Nf3 Nc6 3. Bc4 Bc5 4. c3 Nf6 5. d3 d6 6. Nbd2 O-O 7. h3 a5 8. Nf1 Be6 9. Bb5 h6 10. Ng3 Bd7 11. O-O Re8 12. a4 d5 13. exd5 Nxd5 14. Re1 Bd6 15. Bc4 Nf4 16. Bxf4 exf4 17. Ne4 Ne5 18. Nxe5 Rxe5 19. d4 Re7 20. Qd2 f3 21. Nxd6 cxd6 22. Qf4 fxg2 23. Qxd6 Rxe1+ 24. Rxe1 Bxh3 25. Qg3 Qd7 26. b3 Rc8 27. Re5 b6 28. Ba6 Rd8 29. Bc4 Rc8 30. Qe3 Qg4 31. Be2 Qg6 32. Qxh3 Qb1+ 33. Kxg2 Qg6+ 34. Kh2 Rd8 35. Bd3 Qd6 36. Kg2 f6 37. Qe6+ 1-0